 Dungeon Crawl Stone Soup version 0.22-a0-455-ga0624bf (webtiles) character file.

163 pk666 the Magician (level 5, 0/28 HPs)
             Began as a Deep Elf Fire Elementalist on June 5, 2018.
             Killed from afar by an orc wizard (6 damage)
             ... with a puff of flame
             ... on level 3 of the Dungeon.
             The game lasted 00:05:54 (2570 turns).

pk666 the Magician (Deep Elf Fire Elementalist)     Turns: 2570, Time: 00:05:55

Health: 0/28       AC:  2    Str:  5    XL:     5   Next: 20%
Magic:  3/13       EV: 13    Int: 24    God:
Gold:   99         SH:  0    Dex: 15    Spells: 9/13 levels left

rFire    . . .     SeeInvis .   (no weapon)
rCold    . . .     Gourm    .   (no shield)
rNeg     . . .     Faith    .   a - +0 robe
rPois    .         Spirit   .   (no helmet)
rElec    .         Reflect  .   (no cloak)
rCorr    .         Harm     .   (no gloves)
MR       .....                  (no boots)
Stlth    ++........             (no amulet)
HPRegen  0.09/turn              f - +3 ring of intelligence
MPRegen  0.13/turn              (no ring)

@: no status effects
A: no striking features
a: no special abilities


You were on level 3 of the Dungeon.
You were not hungry.

You visited 1 branch of the dungeon, and saw 3 of its levels.

You collected 99 gold pieces.

Inventory:

Armour
 a - a +0 robe (worn)
Jewellery
 f - a +3 ring of intelligence (left hand)
 m - a cursed amulet of inaccuracy {unknown}
Scrolls
 d - a scroll of blinking {unknown}
 e - 2 scrolls of enchant armour {unknown}
 h - 2 scrolls of amnesia {unknown}
 j - 2 scrolls of immolation {unknown}
Potions
 b - a potion of degeneration {unknown}
 g - 4 potions of curing
 i - a potion of heal wounds {unknown}
 l - a potion of lignification {unknown}
Comestibles
 c - 5 rations
 k - 2 chunks of flesh


   Skills:
 - Level 2.4 Dodging
 - Level 2.4 Stealth
 + Level 4.5 Spellcasting
 * Level 4.0 Conjurations
 + Level 4.2 Fire Magic


You had 9 spell levels left.
You knew the following spells:

 Your Spells              Type           Power        Failure   Level  Hunger
a - Flame Tongue          Conj/Fire      ####.        1%          1    None
c - Conjure Flame         Conj/Fire      ####....     4%          3    ##.....

Your spell library contained the following spells:

 Spells                   Type           Power        Failure   Level  Hunger
 Fireball                 Conj/Fire      ####......   43%         5    #####..
 Throw Flame              Conj/Fire      ####..       2%          2    None
 Sticky Flame             Conj/Fire      ####....     17%         4    ####...
 Inner Flame              Hex/Fire       ###.....     12%         3    ##.....


Dungeon Overview and Level Annotations

Branches:
Dungeon (3/15)

Altars:
Yredelemnul

Annotations:
D:2 1 runed door


Message History

Some of the chunks of flesh in your inventory have rotted away.
You see here a tomahawk.
The orc wizard casts a spell at you.
You are confused.
The orc wizard gestures at you while chanting.
You resist with some effort.
The orc wizard points at you and mumbles some strange words.
The magic dart hits you!
* * * LOW HITPOINT WARNING * * *
You feel less confused.
Your magical contamination has completely faded away.
Things that are here:
a leather armour; a falchion; an orc corpse
Casting: Flame Tongue (safe; 1% risk of failure)
Confirm with . or Enter, or press ? or * to list all spells.
You can't see any susceptible monsters within range! (Use Z to cast anyway.) Unknown command.
The orc wizard gestures at you while chanting.
The puff of flame hits you!
You die...

#........#.##........#
#........#.##........#
#.....o((#.##........#
#.....[..#.##........#
#####..### ### ##.#
#<# #.## #(########..#
#...)....@#.#
+.#.#...#.#..#
#.#.#[#.#.##.#
#.#.#.#...# .#
#.###.##### .. #.# ...
#.. ... ##. .. #. ..


PP You could see an orc wizard.

Vanquished Creatures
  A hound (D:3)
  Terence (D:2)
  Robin (D:3)
  2 adders (D:2)
  2 oozes
  2 dart slugs
  3 orcs (D:3)
  4 bats
  A giant cockroach (D:3)
  15 goblins
  8 hobgoblins
  13 kobolds
  2 ball pythons
  A frilled lizard (D:3)
  5 rats
61 creatures vanquished.

Notes
Turn   | Place    | Note
-------+----------+-------------------------------------------
     0 | D:1      | pk666 the Deep Elf Fire Elementalist began the quest for the Orb.
     0 | D:1      | Reached XP level 1. HP: 10/10 MP: 6/6
    83 | D:1      | Reached XP level 2. HP: 12/15 MP: 0/8
   709 | D:1      | Reached XP level 3. HP: 19/19 MP: 8/10
  1053 | D:2      | Noticed Terence
  1064 | D:2      | Learned a level 3 spell: Conjure Flame
  1845 | D:2      | Found a runed door.
  1845 | D:2      | Noticed a human
  1850 | D:2      | Found a basalt altar of Yredelemnul.
  2040 | D:2      | Killed Terence
  2040 | D:2      | Reached XP level 4. HP: 24/24 MP: 2/12
  2357 | D:3      | Noticed Robin
  2360 | D:3      | Killed Robin
  2532 | D:3      | Reached XP level 5. HP: 25/28 MP: 9/13
  2570 | D:3      | Killed from afar by an orc wizard

Vault maps used:
D:1:      minmay_arrival_solitary_statue, serial_curves, eino_curves_04,
          eino_curves_04, hangedman_decor_points
D:2:      dk_yredelemnul_ordeal, uniq_terence
D:3:      zin_scriptorium, serial_park_tiny_1, grunt_ministairs_1, uniq_robin

Skill      XL: |  1  2  3  4  5 |
---------------+----------------+-----
Conjurations   | 2 3 4 |  4.0
Spellcasting   | 4 |  4.5
Fire Magic     | 4 |  4.2
Dodging        | |  2.4
Stealth        | |  2.4

Action                   |  1- 3 |  4- 6 || total
-------------------------+-------+-------++-------
 Cast: Flame Tongue      |    86 |    46 ||   132
       Conjure Flame     |     2 |       ||     2
  Use: Potion            |     1 |       ||     1
  Eat: Chunk             |     3 |     2 ||     5
Armor: Robe              |     4 |       ||     4
Dodge: Dodged            |    20 |    11 ||    31

Table legend:
 A = Spawn XP
 B = Non-spawn XP
 C = Spawn XP percentage of total XP
 D = Spawn monster count
 E = Non-spawn monster count
 F = Spawn count percentage of total count
 G = Total turns spent on level
                    A         B        C        D         E        F      G
               +---------+---------+-------+---------+---------+-------+---------
         Total |       0 |     234 |   0.0 |       0 |      61 |   0.0 |  2570
               +---------+---------+-------+---------+---------+-------+---------
           D:1 |       0 |      43 |   0.0 |       0 |      21 |   0.0 |  1027
           D:2 |       0 |      88 |   0.0 |       0 |      18 |   0.0 |  1257
           D:3 |       0 |     103 |   0.0 |       0 |      22 |   0.0 |   286
               +---------+---------+-------+---------+---------+-------+---------
